 Dungeon Crawl Stone Soup version 0.28.0-45-g0d030f2227 (webtiles) character file.

Game seed: 10705719552699173714

1212 infcreate the Covert (level 8, 41/41 HPs)
             Began as a Vampire Enchanter on May 24, 2022.
             Quit the game on level 5 of the Dungeon.
             The game lasted 00:12:15 (6827 turns).

infcreate the Covert (Vampire Enchanter)            Turns: 6827, Time: 00:12:16

Health: 41/41      AC:  6    Str:  7    XL:     8   Next: 22%
Magic:  14/14      EV: 14    Int: 17    God:
Gold:   283        SH:  5    Dex: 17    Spells: 4/15 levels left

rFire   . . .      SeeInvis +   w - +2 dagger (pain)
rCold   + + +      Faith    .   (no shield)
rNeg    + + +      Spirit   .   i - +1 robe {rC+}
rPois   ∞          Reflect  +   (no helmet)
rElec   .          Harm     .   s - +0 cloak
rCorr   .          Rampage  .   p - +0 pair of gloves
Will    .....                   o - +0 pair of boots
Stlth   ++++++....              m - amulet of reflection
HPRegen 0.13/turn               (no ring)
MPRegen 0.14/turn               (no ring)

@: bloodless
A: bloodless, fangs 3, see invisible, vampiric 2
a: Bat Form, Revivify


You were on level 5 of the Dungeon.
You visited 1 branch of the dungeon, and saw 5 of its levels.
You also visited: Sewer.

You collected 283 gold pieces.


Innate Abilities, Weirdness & Mutations

You do not regenerate when monsters are visible.
You are frail without blood (-20% HP).
You can heal yourself when you bite living creatures.
You are immune to poison.
You have razor-sharp teeth.
You have supernaturally acute eyesight. (SInv)
You are afflicted with vampirism and can become a bat while bloodless.


   Skills:
 + Level 4.8 Short Blades
 + Level 5.2 Dodging
 + Level 8.2 Stealth
 + Level 4.4 Spellcasting
 + Level 7.6 Hexes


You had 4 spell levels left.
You knew the following spells:

 Your Spells              Type           Power      Damage    Failure   Level
c - Confusing Touch       Hex            29%        N/A       1%          3
d - Tukima's Dance        Hex            29%        N/A       1%          3
e - Ensorcelled Hibernat  Hex/Ice        32%        N/A       4%          2
f - Dazzling Flash        Conj/Hex       32%        N/A       10%         3

Your spell library contained the following spells:

 Spells                   Type           Power      Damage    Failure   Level
 Apportation              Tloc           6%         N/A       16%         1
 Anguish                  Hex/Necr       8%         N/A       30%         4
 Alistair's Intoxication  Tmut/Pois      2%         N/A       99%         5
 Enfeeble                 Hex            14%        N/A       99%         7

Inventory:

Hand Weapons
 w - a +2 dagger of pain (weapon)
Missiles
 x - a throwing net (quivered) {=f}
Armour
 i - a +1 robe of cold resistance (worn)
 o - a +0 pair of boots (worn)
 p - a +0 pair of gloves (worn)
 s - a +0 cloak (worn)
Jewellery
 m - an amulet of reflection (around neck)
 q - an amulet of magic regeneration
 y - an amulet of regeneration
Scrolls
 b - a scroll of brand weapon {unknown}
 e - 3 scrolls of teleportation {@r2}
 g - a scroll of silence {!r}
 h - a scroll of holy word {unknown}
 n - a scroll of fog
 r - a scroll of enchant weapon {unknown}
 t - a scroll of enchant armour {unknown}
 v - a scroll of fear {unknown}
Potions
 a - a potion of resistance {unknown}
 c - 2 potions of invisibility
 d - 2 potions of heal wounds {@q2}
 f - 2 potions of magic {unknown}
 j - a potion of flight {unknown}
 k - 2 potions of attraction
 l - a potion of might {unknown}
 u - 4 potions of brilliance {unknown}

Dungeon Overview and Level Annotations

Branches:
Dungeon (5/15)              Sewer (visited)
 Temple: D:4-7

Altars:
Elyvilon
Fedhas
Hepliaklqana
Kikubaaqudgha
Nemelex Xobeh
Ru
The Shining One

### #####.# #....@# #.###.# #.#
#.# #######.###.# ####
#...........# #...
#...........# ##########...
####...........# #............
#..+...........####............
#.##.........>.##..............


There were no monsters in sight!


Message History

The gnoll is killed!
Things that are here:
a +0 whip; a gnoll skeleton
x - a throwing net {=f} You see here a +0 club.
You open the large door.
There is a large open door here.
There is a large open door here.
There is an open door here.
There is a large open door here.
There is a large open door here.
Found a book of Maledictions.
You pick up a book of Maledictions and begin reading...
You add the spells Anguish and Enfeeble to your library.
You open the door.
Found a thin fluorescent amulet.
There is an open door here.
y - an amulet of regeneration As you open the door, it creaks loudly!
Okay, then.
There is an open door here.
You open the door.
There is an open door here.
There is an open door here.
Things that are here:
7 poisoned darts; a +0 whip
There is an open door here.
Done exploring.
Done exploring.
Are you sure you want to abandon this character and quit the game? (Confirm with "yes".)

Skill      XL: |  1  2  3  4  5  6  7  8 |
---------------+-------------------------+-----
Stealth        | 5 6 7 8 |  8.2
Short Blades   | 2 3 4 |  4.8
Hexes          | 5 6 7 |  7.6
Dodging        | 3 4 5 |  5.2
Spellcasting   | 3 4 |  4.4

Action                   |  1- 3 |  4- 6 |  7- 9 || total
-------------------------+-------+-------+-------++-------
Melee: Dagger            |    55 |   127 |   139 ||   321
       Bite              |     6 |     9 |    17 ||    32
       Punch             |       |     4 |     1 ||     5
 Cast: Ensorcelled Hiber |    20 |    47 |    20 ||    87
       Confusing Touch   |       |     6 |     9 ||    15
       Tukima's Dance    |       |     2 |     3 ||     5
 Abil: Exsanguinate      |     1 |       |       ||     1
  Use: Scroll            |     2 |     3 |       ||     5
 Stab: Sleeping          |    25 |    57 |    20 ||   102
       Confused          |       |     5 |     7 ||    12
Armor: Robe              |     5 |    17 |    16 ||    38
Dodge: Dodged            |    18 |    49 |    44 ||   111
Block: Other             |       |    13 |    17 ||    30

Levels and vault maps discovered:
D:1:      evilmike_arrival_rings, layout_loops_ring, basic_ecumenical_altar,
          st_stairs_5, minmay_small_reverse_x
D:2:      layout_basic, basic_altar, minmay_pentomino_q2,
          uniq_crazy_yiuf_cottage
D:3:      layout_loops_cross, general_overflow_altar, fedhas_altar_4,
          uniq_jessica
D:4:      layout_cave_pools, grunt_temple_overflow_cloverleaf,
          serial_column_ruins, column_ruins_hut_pillars, column_ruins_hut_water,
          column_ruins_grid_1, column_ruins_columns_corner,
          column_ruins_open_small, column_ruins_open_small,
          column_ruins_columns_straight, column_ruins_grid_4,
          column_ruins_columns_straight, st_stairs_2
D:5:      layout_basic, gup_sewer_entry_bowl

Notes
Turn   | Place    | Note
-------+----------+-------------------------------------------
     0 | D:1      | infcreate the Vampire Enchanter began the quest for the
                  | Orb.
     0 | D:1      | Reached XP level 1. HP: 13/13 MP: 3/3
   178 | D:1      | Reached XP level 2. HP: 15/15 MP: 5/5
   181 | D:1      | Learned a level 2 spell: Ensorcelled Hibernation
   689 | D:1      | Gained mutation: You are afflicted with vampirism and can
                  | become a bat while bloodless. [Vampire growth]
   689 | D:1      | Reached XP level 3. HP: 19/19 MP: 0/6
   693 | D:1      | Learned a level 3 spell: Confusing Touch
  1028 | D:1      | Reached skill level 5 in Stealth
  1043 | D:1      | Found a faded altar of an unknown god.
  1608 | D:2      | Reached skill level 2 in Short Blades
  1644 | D:2      | Reached skill level 5 in Hexes
  1644 | D:2      | Reached XP level 4. HP: 24/24 MP: 7/7
  1734 | D:2      | Learned a level 3 spell: Tukima's Dance
  1828 | D:2      | Reached skill level 3 in Dodging
  2301 | D:2      | Found a runed translucent door.
  2302 | D:2      | Noticed Crazy Yiuf
  2808 | D:3      | Reached XP level 5. HP: 28/28 MP: 9/9
  2870 | D:3      | Noticed Jessica
  2885 | D:3      | Killed Jessica
  3211 | D:3      | Found a blossoming altar of Fedhas.
  3381 | D:3      | Found a hazy altar of Hepliaklqana.
  3532 | D:2      | Killed Crazy Yiuf
  3533 | D:2      | Reached skill level 3 in Short Blades
  3533 | D:2      | Reached skill level 6 in Stealth
  3533 | D:2      | Reached skill level 3 in Spellcasting
  3808 | D:4      | Reached XP level 6. HP: 32/32 MP: 3/10
  3812 | D:4      | Learned a level 3 spell: Dazzling Flash
  3905 | D:4      | Found a sacrificial altar of Ru.
  3905 | D:4      | Found an ancient bone altar of Kikubaaqudgha.
  3905 | D:4      | Found a sparkling altar of Nemelex Xobeh.
  4107 | D:4      | Reached skill level 6 in Hexes
  4350 | D:5      | Entered Level 5 of the Dungeon
  4557 | D:5      | Reached skill level 4 in Dodging
  4578 | D:5      | Found a glowing drain.
  4587 | Sewer    | Entered a sewer
  4917 | Sewer    | Reached XP level 7. HP: 36/36 MP: 9/12
  5316 | Sewer    | Reached skill level 7 in Stealth
  5508 | Sewer    | Reached skill level 4 in Short Blades
  5742 | D:5      | Reached skill level 7 in Hexes
  5881 | D:5      | Reached skill level 4 in Spellcasting
  5947 | D:5      | Reached skill level 5 in Dodging
  5947 | D:5      | Reached XP level 8. HP: 41/41 MP: 14/14
  5999 | D:5      | Reached skill level 8 in Stealth
  6193 | D:5      | HP: 4/41 [gnoll/+0 whip (7)]
  6827 | D:5      | Quit the game

Vanquished Creatures
  An ice beast (D:5)
  A necrophage (D:5)
  A phantom (D:5)
  4 kobold brigands
  A scorpion (D:4)
  A centaur zombie (D:5)
  Crazy Yiuf (D:2)
  A jelly (D:5)
  A centaur skeleton (D:3)
  Jessica (D:3)
  3 iguanas
  9 gnolls
  A howler monkey skeleton (D:4)
  A howler monkey zombie (D:5)
  6 adders
  2 river rats
  7 worms
  2 dart slugs
  5 orcs
  9 ball pythons
  7 bats
  9 endoplasms
  4 giant cockroaches
  3 goblins
  10 hobgoblins
  7 jackals
  9 quokkas
  2 frilled lizards (D:1)
  18 kobolds
  6 rats
133 creatures vanquished.

Vanquished Creatures (collateral kills)
  An ogre (D:5)
1 creature vanquished.

Vanquished Creatures (others)
  A dancing weapon (D:5)
1 creature vanquished.

Grand Total: 135 creatures vanquished

Table legend: (Time is in decaauts)
 A = Elapsed time spent in this place.
 B = Non-inter-level travel time spent in this place.
 C = Inter-level travel time spent in this place.
 D = Time resting spent in this place.
 E = Time spent auto-exploring this place.
 F = Levels seen in this place.
 G = Mean time per level.
                   A        B        C        D        E       F      G
               +--------+--------+--------+--------+--------+-----+--------+
         Total |   6994 |   6755 |    239 |    359 |   4894 |   6 | 1165.7 |
       Dungeon |   5762 |   5523 |    239 |    345 |   4038 |   5 | 1152.4 |
         Sewer |   1231 |   1231 |      0 |     14 |    855 |   1 | 1231.0 |
               +--------+--------+--------+--------+--------+-----+--------+

Top non-repeatable levels by time:
     D:1: 1486 daAuts
     D:5: 1326 daAuts
   Sewer: 1231 daAuts
     D:2: 1203 daAuts
     D:3: 930 daAuts
     D:4: 815 daAuts

Table legend:
 A = Non-vault XP
 B = Vault XP
 C = Vault XP percentage of total XP
 D = Non-vault monster count
 E = Vault monster count
 F = Vault count percentage of total count
                 A         B        C        D         E       F
            +---------+---------+-------+---------+---------+-------
      Total |    1223 |     509 |  29.4 |      92 |      42 |  31.3
            +---------+---------+-------+---------+---------+-------
        D:1 |      48 |      12 |  20.0 |      19 |       6 |  24.0
        D:2 |      94 |      44 |  31.9 |      24 |       2 |   7.7
        D:3 |      99 |      37 |  27.2 |      18 |       1 |   5.3
        D:4 |     154 |      19 |  11.0 |      14 |       3 |  17.6
        D:5 |     828 |      15 |   1.8 |      17 |       2 |  10.5
      Sewer |       0 |     382 | 100.0 |       0 |      28 | 100.0
            +---------+---------+-------+---------+---------+-------
